 Dungeon Crawl Stone Soup version 0.27.0 (console) character file.

Game seed: 2638308173137511053

4722 jejorda2 the Grappler (level 10, -2/102 HPs)
             Began as a Troll Abyssal Knight on July 30, 2021.
             Was a High Priest of Lugonu.
             Shot with an arrow by a centaur (13 damage)
             ... on level 8 of the Dungeon.
             The game lasted 00:19:08 (6311 turns).

jejorda2 the Grappler (Troll Abyssal Knight)        Turns: 6311, Time: 00:19:09

Health: -2/102     AC:  6    Str: 25    XL:     10   Next: 22%
Magic:  10/10      EV: 13    Int:  8    God:    Lugonu [*****.]
Gold:   426        SH:  5    Dex:  9    Spells: 6/9 levels left

rFire    + . .     SeeInvis .     - Unarmed
rCold    + . .     Faith    .   (no shield)
rNeg     . . .     Spirit   .   D - +2 robe {rC+ rF+}
rPois    .         Reflect  +   (helmet restricted)
rElec    .         Harm     .   (no cloak)
rCorr    .         Rampage  .   (gloves unavailable)
Will     .....                  (boots unavailable)
Stlth    +.........             h - amulet of reflection
HPRegen  1.27/turn              b - ring of wizardry
MPRegen  0.12/turn              v - +4 ring of evasion

@: flying, studying Crossbows
A: large, unfitting armour, claws 3, regeneration 1, shaggy fur 1, tough skin 1
a: Renounce Religion, Depart the Abyss, Bend Space, Banish, Corrupt, Enter the
Abyss


You were on level 8 of the Dungeon.
You worshipped Lugonu.
Lugonu was extremely pleased with you.
You visited 1 branch of the dungeon, and saw 8 of its levels.
You visited the Abyss 1 time.

You collected 511 gold pieces.
You spent 85 gold pieces at shops.

Inventory:

Hand Weapons
 k - a +0 whip
 r - a +2 flail of venom
Missiles
 f - 26 poisoned darts (quivered)
 l - 2 atropa-tipped darts
 A - 13 boomerangs
 H - 6 silver javelins
 I - 4 large rocks
Armour
 D - a +2 robe of resistance (worn)
Jewellery
 b - a ring of wizardry (left claw)
 h - an amulet of reflection (around neck)
 q - a ring of positive energy
 v - a +4 ring of evasion (right claw)
 y - a ring of protection from fire
Wands
 o - a wand of flame (19)
 u - a wand of acid (17)
 w - a wand of mindburst (12)
Scrolls
 e - a scroll of enchant weapon {unknown}
 j - 4 scrolls of fear {unknown}
 s - a scroll of torment {unknown}
 t - a scroll of blinking {unknown}
 x - a scroll of magic mapping {unknown}
 B - a scroll of acquirement {unknown}
 C - a scroll of summoning
 F - 3 scrolls of teleportation {unknown}
Potions
 a - a potion of mutation
 c - 2 potions of brilliance
 d - 4 potions of curing
 g - 2 potions of invisibility
 i - 2 potions of ambrosia
 m - 4 potions of attraction
 n - a potion of haste
 p - a potion of flight
 z - a potion of cancellation
 E - a potion of heal wounds {unknown}
 G - a potion of magic


   Skills:
 - Level 7.0 Fighting
 + Level 1.7 Throwing
 - Level 1.9 Dodging
 - Level 0.5 Stealth
 - Level 1.2 Shields
 + Level 11.1 Unarmed Combat
 - Level 1.8 Invocations
 - Level 4.0 Evocations


You had 6 spell levels left.
You knew the following spells:

 Your Spells              Type           Power      Damage    Failure   Level
a - Mephitic Cloud        Conj/Pois/Air  0%         N/A       45%         3

Your spell library contained the following spells:

 Spells                   Type           Power      Damage    Failure   Level
 Animate Skeleton         Necr           0%         N/A       17%         1
 Apportation              Tloc           0%         N/A       17%         1
 Corona                   Hex            0%         N/A       17%         1
 Summon Small Mammal      Summ           0%         N/A       17%         1
 Slow                     Hex            0%         N/A       26%         2
 Confusing Touch          Hex            0%         N/A       45%         3
 Gell's Gravitas          Tloc           0%         N/A       45%         3
 Ignite Poison            Fire/Tmut/Pois 0%         N/A       45%         3
 Teleport Other           Tloc           0%         N/A       45%         3
 Vampiric Draining        Necr           0%         2d6       45%         3
 Bolt of Magma            Conj/Fire/Erth 0%         4d4       99%         5
 Dispersal                Tloc           0%         N/A       100%        6


Dungeon Overview and Level Annotations

Branches:
Dungeon (8/15)             Temple (0/1) D:5
   Lair: D:8-11

Altars:
Gozag
Sif Muna
The Shining One

Shops:
D:1 =   D:7 [

Annotations:
D:4 3 runed translucent doors, JBAR's ghost, amateur GnFi
D:6 3 runed translucent doors, TheBeaver's ghost, weakling DsMo
D:8 8 exclusions


Innate Abilities, Weirdness & Mutations

You are too large for most types of armour.
You have claws for hands.
Your natural rate of healing is unusually fast.
You are covered in fur. (AC +1)
You have tough skin. (AC +1)


Message History

The centaur shoots an arrow.
You reflect the arrow off an invisible shield around you!
The arrow closely misses the centaur.
The centaur shoots an arrow.
The arrow hits you!
Really fly into a travel-excluded area? [Y]es or [N]o only, please.
Really fly into a travel-excluded area?
A centaur comes into view.
The centaur shouts!
The centaur shoots an arrow.
The arrow hits you!
The centaur wields a +0 shortbow.
The centaur shoots an arrow.
The arrow hits you!
The centaur shoots an arrow.
The arrow closely misses you.
The centaur shoots an arrow.
The arrow closely misses you.
The centaur shoots an arrow.
You reflect the arrow off an invisible shield around you!
The arrow hits the centaur!
The centaur shoots an arrow.
The arrow hits you!
The centaur shoots an arrow.
The arrow hits you.
The centaur shoots an arrow.
The arrow barely misses you.
The centaur shoots an arrow.
The arrow hits you.
The centaur shoots an arrow.
The arrow misses you.
The centaur shoots an arrow.
The arrow misses you.
The centaur unwields a +1 vorpal shortbow.
The centaur barely misses you.
The centaur kicks you but does no damage.
The centaur shoots an arrow.
The arrow hits you. The centaur hits you.
* * * LOW HITPOINT WARNING * * *
The centaur kicks you but does no damage.
You mangle the centaur!!
You kill the centaur!
Lugonu accepts your kill.
The centaur shoots an arrow.
The arrow hits you!
* * * LOW HITPOINT WARNING * * *
The centaur shoots an arrow.
The arrow hits you!
* * * LOW HITPOINT WARNING * * *
The centaur shoots an arrow.
You reflect the arrow off an invisible shield around you!
The arrow barely misses the centaur.
The centaur unwields a +0 shortbow.
The centaur hits you.
* * * LOW HITPOINT WARNING * * *
The centaur barely misses you.
The centaur shoots an arrow.
The arrow hits you!
You die...

##..# #.#.#####.#.####.#
....# #.#.##)..........#
#..## #......##.#(######
#..# ####.###.##.# #..#
#....###.# #..#
#.######.#### #..#
#.####≈≈≈≈≈≈#### #..#
#.##≈≈≈≈≈≈≈≈≈≈≈# ...#
#.#≈≈≈≈@).≈≈≈≈≈≈ ...#
#≈≈≈≈≈≈c####c≈≈≈ ##.#
##≈≈≈≈≈≈≈c# #c≈≈
##.####≈≈≈≈≈≈≈≈≈.# ..≈
##....≈≈≈≈≈≈≈≈≈..# .≈
##.##.≈≈≈≈≈≈≈≈≈..#
##.##≈≈≈≈≈≈≈≈≈≈..#
##.##≈≈≈≈≈≈≈≈≈≈...
##.##≈≈≈≈≈≈≈≈≈≈≈..cc..≈≈≈


You could see 3 centaurs.

Vanquished Creatures
  A centaur warrior (D:8)
  An ugly thing (D:7)
  An unseen horror (D:8)
  Sigmund (D:3)
  2 wyverns (D:8)
  A steam dragon (D:6)
  Menkaure (D:7)
  Edmund (D:4)
  Duvessa (D:4)
  An orc warrior (D:7)
  2 ice beasts (D:6)
  A sky beast (D:7)
  A black bear (D:7)
  A hornet zombie (D:7)
  A necrophage (D:6)
  2 ogres
  A centaur (D:8)
  A kobold brigand (D:7)
  2 bullfrogs
  A scorpion (D:4)
  Dowan (D:4)
  4 killer bees (D:8)
  2 howler monkeys (D:7)
  2 centaur zombies
  An electric eel (D:7)
  A jelly (D:6)
  5 hounds
  4 orc priests
  A gnoll shaman (D:8)
  3 centaur skeletons
  A bullfrog skeleton (D:5)
  4 iguanas
  Natasha (thrice) (D:2)
  3 orc wizards
  2 killer bee zombies
  A hound zombie (D:5)
  A hound skeleton (D:5)
  Robin (D:4)
  4 gnolls (D:8)
  5 adders
  A shadow imp (D:7)
  2 white imps
  2 ufetubi
  A worm (D:4)
  4 dart slugs
  31 orcs
  4 ball pythons (D:4)
  An endoplasm (D:1)
  3 giant cockroaches
  9 goblins (D:4)
  6 hobgoblins
  4 jackals (D:1)
  12 kobolds
  5 quokkas
  4 bats
  A frilled lizard (D:2)
  A goblin zombie (D:4)
  2 hobgoblin zombies (D:4)
  A kobold skeleton (D:4)
  4 kobold zombies (D:4)
  2 orc skeletons (D:4)
  2 rats
175 creatures vanquished.

Vanquished Creatures (others)
  An orc (D:6)
1 creature vanquished.

Grand Total: 176 creatures vanquished

Notes
Turn   | Place    | Note
-------+----------+-------------------------------------------
     0 | Abyss:1  | jejorda2 the Troll Abyssal Knight began the quest for the
                  | Orb.
     0 | Abyss:1  | Reached XP level 1. HP: 22/22 MP: 1/1
    25 | Abyss:1  | Found a corrupted altar of Lugonu.
    28 | D:1      | Escaped the Abyss
   145 | D:1      | Reached XP level 2. HP: 25/29 MP: 2/2
   254 | D:1      | Found Cychaliw's Jewellery Shop.
   368 | D:1      | Found a faded altar of an unknown god.
   536 | D:2      | Noticed Natasha
   552 | D:2      | Noticed a crimson imp
   552 | D:2      | Killed Natasha
   553 | D:2      | Reached XP level 3. HP: 37/37 MP: 3/3
   757 | D:2      | Reached skill level 3 in Unarmed Combat
   802 | D:2      | Noticed an ogre
   811 | D:2      | Killed an ogre
   811 | D:2      | Reached ** piety under Lugonu
   812 | D:2      | Reached XP level 4. HP: 22/45 MP: 4/4
   834 | D:2      | Noticed Natasha
   866 | D:2      | Killed Natasha
   867 | D:2      | Reached skill level 4 in Unarmed Combat
   867 | D:2      | Reached XP level 5. HP: 53/53 MP: 5/5
   876 | D:2      | Noticed Natasha
   887 | D:2      | Killed Natasha
  1577 | D:3      | Noticed Sigmund
  1593 | D:3      | Killed Sigmund
  1594 | D:3      | Reached skill level 5 in Unarmed Combat
  1594 | D:3      | Reached XP level 6. HP: 46/62 MP: 6/6
  2047 | D:4      | Noticed Edmund
  2137 | D:4      | Reached skill level 6 in Unarmed Combat
  2217 | D:4      | Noticed Robin
  2220 | D:4      | Killed Robin
  2231 | D:4      | Reached *** piety under Lugonu
  2269 | D:4      | Reached XP level 7. HP: 65/68 MP: 7/7
  2304 | D:4      | Learned a level 3 spell: Mephitic Cloud
  2414 | D:4      | Found a glowing golden altar of the Shining One.
  2480 | D:4      | Found an opulent altar of Gozag.
  2482 | D:4      | Found a runed translucent gate.
  2482 | D:4      | Found a runed translucent gate.
  2482 | D:4      | Found a runed translucent gate.
  2485 | D:4      | Noticed JBAR's ghost (amateur GnFi)
  2554 | D:4      | Killed Edmund
  2555 | D:4      | Reached skill level 1 in Shields
  2850 | D:4      | Reached skill level 7 in Unarmed Combat
  2890 | D:4      | Noticed Dowan
  2891 | D:4      | Noticed Duvessa
  2903 | D:4      | Killed Duvessa
  2909 | D:4      | Killed Dowan
  3243 | D:5      | Entered Level 5 of the Dungeon
  3388 | D:5      | Found a staircase to the Ecumenical Temple.
  3693 | D:6      | Reached **** piety under Lugonu
  3694 | D:6      | Reached skill level 1 in Evocations
  3694 | D:6      | Reached XP level 8. HP: 78/78 MP: 8/8
  3842 | D:6      | Noticed TheBeaver's ghost (weakling DsMo)
  3853 | D:6      | Reached skill level 8 in Unarmed Combat
  3856 | D:6      | Found a runed translucent gate.
  3856 | D:6      | Found a runed translucent gate.
  3858 | D:6      | Found a runed translucent gate.
  4339 | D:7      | Reached skill level 5 in Fighting
  4370 | D:7      | Reached XP level 9. HP: 84/88 MP: 9/9
  4386 | D:7      | Found Oqeroagh's Antique Armour Boutique.
  4392 | D:7      | Bought a glowing robe for 85 gold pieces
  4454 | D:7      | Noticed Menkaure
  4458 | D:7      | Killed Menkaure
  4556 | D:7      | Noticed a red ugly thing
  4567 | D:7      | Killed a red ugly thing
  4568 | D:7      | Reached skill level 9 in Unarmed Combat
  4759 | D:7      | Found a shimmering blue altar of Sif Muna.
  5350 | D:8      | Noticed a centaur warrior
  5356 | D:8      | Killed a centaur warrior
  5357 | D:8      | Reached skill level 10 in Unarmed Combat
  5399 | D:8      | Reached XP level 10. HP: 30/102 MP: 10/10
  5708 | D:8      | Reached skill level 11 in Unarmed Combat
  5812 | D:8      | Reached ***** piety under Lugonu
  6043 | D:8      | Reached skill level 1 in Throwing
  6311 | D:8      | Shot with an arrow by a centaur

Illustrated notes

Levels and vault maps discovered:
D:1:      saegor_arrival_simple_b, layout_rooms, ebering_ecumenical_altar_box,
          serial_shops, nicolae_shop_crystal
D:2:      layout_basic, serial_forest, infiniplex_forest_join,
          infiniplex_forest_end_3, infiniplex_forest_lined_2,
          infiniplex_forest_end_2, infiniplex_forest_straight_1, minmay_between,
          uniq_natasha
D:3:      layout_rooms, uniq_sigmund
D:4:      layout_basic, nicolae_tso_besieged_by_evil, ebering_ghost_gozag,
          minmay_checkerbox, uniq_edmund, uniq_duvessa, uniq_robin
D:5:      layout_rooms, minmay_temple_entry_junction
D:6:      layout_rooms, gammafunk_ghost_split
D:7:      layout_rooms, kennysheep_orc_sif_temple, serial_shops, shop,
          minmay_crystal_water, minmay_manual_macuahuitl, uniq_menkaure
D:8:      minmay_diamond_stairs, layout_loops_ring, centaur_isle, uniq_harold

Skill      XL: |  1  2  3  4  5  6  7  8  9 10 |
---------------+-------------------------------+-----
Fighting       | 3 4 5 7 |  7.0
Unarmed Combat | 3 4 5 6 7 8 10 11 | 11.1
Shields        | 1 |  1.2
Evocations     | 1 3 4 |  4.0
Throwing       | 1 |  1.7
Dodging        | |  1.9
Stealth        | |  0.5
Invocations    | |  1.8

Action                   |  1- 3 |  4- 6 |  7- 9 | 10-12 || total
-------------------------+-------+-------+-------+-------++-------
Melee: Unarmed           |    56 |   114 |   317 |    43 ||   530
       Punch             |       |     2 |    14 |     3 ||    19
Throw: Dart              |     5 |       |    20 |       ||    25
  Use: Scroll            |       |     5 |     6 |       ||    11
       Potion            |       |       |     1 |     1 ||     2
 Stab: Sleeping          |       |     1 |     2 |       ||     3
Armor: Robe              |    26 |    25 |    59 |    10 ||   120
       Skin              |       |     1 |       |       ||     1
Dodge: Dodged            |    35 |    39 |   127 |    23 ||   224
Block: Other             |     5 |    19 |    52 |    11 ||    87
       Reflection        |       |     2 |     1 |     4 ||     7
